 Dungeon Crawl Stone Soup version 0.13-a0-2485-g242ae62 (webtiles) character file.

337 JogiH the Magician (level 5, -3/44 HPs)
             Began as a Djinni Wizard on July 21, 2013.
             Killed from afar by JogiH's ghost (8 damage)
             ... with a magic dart
             ... on Level 3 of the Dungeon.
             The game lasted 00:12:47 (4087 turns).

JogiH the Magician (Djinni Wizard)                  Turns: 4087, Time: 00:12:47

HP  -3/44        AC  5     Str  8      XL: 5   Next: 56%
MP   0/0         EV 18     Int 19      God:
Gold 127         SH  0     Dex 20      Spells:  5 memorised,  3 levels left

Res.Fire  : + + +   See Invis. : .   o - +0 elf spear
Res.Cold  : x . .   Warding    : .   m - +2 robe
Life Prot.: + + +   Conserve   : .   (no shield)
Res.Poison: .       Res.Corr.  : .   b - +0 wizard hat
Res.Elec. : .       Clarity    : .   (no cloak)
Sust.Abil.: . .     Spirit.Shd : .   j - +0 pair of gauntlets
Res.Mut.  : .       Stasis     : .   (boots unavailable)
Res.Rott. : .       Flight     : .   (no amulet)
Saprovore : . . .                    (no ring)
                                     f - +4 ring of dexterity

@: agile, very slightly contaminated, slightly resistant to hostile
enchantments, quite stealthy
A: no striking features
a: no special abilities


You were on level 3 of the Dungeon.
You were not hungry.

You visited 1 branch of the dungeon, and saw 3 of its levels.

You collected 107 gold pieces.

Inventory:

Hand weapons
 o - a +0,+0 elven spear (weapon)
Armour
 b - a +0 wizard hat (worn)
 j - a +0 pair of gauntlets (worn)
 m - a +2 robe (worn)
Scrolls
 e - 2 scrolls of remove curse
 g - 3 scrolls of magic mapping
 h - 3 scrolls of identify {unknown}
 k - a scroll of enchant weapon II {unknown}
 n - a scroll of fog {unknown}
Jewellery
 f - a +4 ring of dexterity (left hand)
Potions
 i - a potion of degeneration {unknown}
 l - a potion of curing {unknown}
Books
 c - a book of Minor Magic

   Spells                             Type                      Level
   *Magic Dart                        Conjuration                  1
   *Blink                             Translocation                2
   *Call Imp                          Summoning                    2
   Repel Missiles                     Charms/Air                   2
   Slow                               Hexes                        2
   *Conjure Flame                     Conjuration/Fire             3
   *Mephitic Cloud                    Conjuration/Poison/Air       3


   Skills:
 - Level 1.7 Dodging
 - Level 1.5 Stealth
 + Level 5.4 Spellcasting
 * Level 4.2 Conjurations
 + Level 1.6 Summonings
 + Level 1.0 Translocations
 + Level 0.3 Fire Magic


You had 3 spell levels left.
You knew the following spells:

 Your Spells              Type           Power        Failure   Level  Hunger
a - Magic Dart            Conj           ###.         1%          1    None
b - Blink                 Tloc           N/A          14%         2    None
c - Call Imp              Summ           ##........   12%         2    None
d - Conjure Flame         Conj/Fire      ##......     14%         3    ##.....
e - Mephitic Cloud        Conj/Pois/Air  ##......     21%         3    ##.....


Dungeon Overview and Level Annotations

Branches:
Dungeon (3/27)

Altars:
Ashenzari
Cheibriados

Annotations
D:3 JogiH's ghost, average DjWz


Message History

* * * LOW HITPOINT WARNING * * *
Drink which item? (? for menu, Esc to quit)
You feel more agile all of a sudden.
It was a potion of agility.
JogiH's ghost misses you.
Drink which item? (? for menu, Esc to quit)
You feel refreshed.
It was a potion of restore abilities.
JogiH's ghost completely misses you.
Drink which item? (? for menu, Esc to quit)
Okay, then.
Casting: Conjure Flame
Confirm with . or Enter, or press ? or * to list all spells.
You miscast Blink.
You are very lightly contaminated with residual magic.
Nothing appears to happen.
JogiH's ghost misses you.
Casting: Blink
Confirm with . or Enter, or press ? or * to list all spells.
You don't have enough magic to cast that spell.
JogiH's ghost casts a spell at you. The magic dart hits you!
You die...

**,,* *,,..,*
*,,** ***.#**
##+### *#.# #....#
*#..# #....###
*..#* #....'.#####
##p#####
#....#.....######
#......#
#....#####......##
#......# ##....#
######@.###
#......' .'....#
##.p.######......#
##....#
###......'......#
######
########......#
########


You could see JogiH's ghost.

Vanquished Creatures
  An agate snail (D:2)
  Jessica (D:2)
  3 adders
  4 gnolls (D:3)
  A worm (D:2)
  2 giant geckos
  10 bats
  2 giant cockroaches
  7 goblins
  7 hobgoblins
  7 kobolds
  2 ball pythons
  2 giant newts
  7 rats
56 creatures vanquished.

Vanquished Creatures (collateral kills)
  2 adders
  An ooze (D:1)
  2 hobgoblins (D:3)
  A quokka (D:3)
  A goblin (D:3)
  A kobold (D:3)
8 creatures vanquished.

Vanquished Creatures (others)
  2 shadow imps
2 creatures vanquished.

Grand Total: 66 creatures vanquished

Notes
Turn   | Place    | Note
--------------------------------------------------------------
     0 | D:1      | JogiH, the Djinni Wizard, began the quest for the Orb.
     0 | D:1      | Reached XP level 1. HP: 14/14 MP: 0/0
   415 | D:1      | Reached skill level 4 in Spellcasting
   415 | D:1      | Reached XP level 2. EP: 9/23
   498 | D:1      | Learned a level 2 spell: Blink
   501 | D:1      | Learned a level 2 spell: Call Imp
  1539 | D:2      | Reached XP level 3. EP: 18/29
  1946 | D:2      | Learned a level 3 spell: Conjure Flame
  1950 | D:2      | Learned a level 3 spell: Mephitic Cloud
  2028 | D:2      | Noticed an agate snail
  2038 | D:2      | Killed an agate snail
  2038 | D:2      | Reached skill level 5 in Spellcasting
  2038 | D:2      | Reached XP level 4. EP: 9/38
  2175 | D:2      | Found a snail-covered altar of Cheibriados.
  2472 | D:2      | Found a shattered altar of Ashenzari.
  2696 | D:2      | Noticed Jessica
  2709 | D:2      | Killed Jessica
  2734 | D:2      | Reached XP level 5. EP: 15/44
  4050 | D:3      | Noticed JogiH's ghost (average DjWz)
  4087 | D:3      | Killed from afar by JogiH's ghost

Action                   |  1- 3 |  4- 6 || total
-------------------------+-------+-------++-------
Melee: Unarmed           |     2 |     3 ||     5
       Spear             |       |     6 ||     6
 Cast: Magic Dart        |    85 |    71 ||   156
       Call Imp          |     5 |    11 ||    16
       Conjure Flame     |     3 |     5 ||     8
       Mephitic Cloud    |       |     4 ||     4
  Use: Scroll            |       |     2 ||     2
       Potion            |       |     2 ||     2
